 Dungeon Crawl Stone Soup version 0.23.0 (webtiles) character file.

Game seed: 16533194133146886750

8290 wolfsongas the Fighter (level 11, -2/82 HPs)
             Began as an Octopode Berserker on Feb 15, 2019.
             Was a High Priest of Trog.
             Slain by a yak (9 damage)
             ... on level 11 of the Dungeon.
             The game lasted 00:17:54 (8810 turns).

wolfsongas the Fighter (Octopode Berserker)         Turns: 8810, Time: 00:17:55

Health: -2/82      AC:  1    Str: 19    XL:     11   Next: 28%
Magic:  11/11      EV: 18    Int: 20    God:    Trog [*****.]
Gold:   410        SH:  0    Dex: 16    Spells: 10/10 levels left

rFire    + + .     SeeInvis .   t - +7 flail of the Puffball {crush, *Corrode MR+ Str+3}
rCold    . . .     Gourm    .   (no shield)
rNeg     . . .     Faith    +   (helmet restricted)
rPois    .         Spirit   .   k - amulet of faith
rElec    .         Reflect  .   g - +2 ring of dexterity
rCorr    .         Harm     .   e - ring of fire
MR       +....     Rnd*Rage +   a - +5 ring of intelligence
Stlth    +++++.....             b - ring of Huevayte {rC+ Str-3 Int+5 Dex+2 Stlth+}
HPRegen  0.23/turn              v - ring of protection from fire
MPRegen  0.12/turn              (no ring)
                                (no ring)
                                (no ring)

@: berserk cooldown, slowed, very slow
A: almost no armour, stealthy swim, amphibious, 8 rings, constrict 8, beak,
camouflage 1, berserk 1, gelatinous body 1
a: Berserk, Trog's Hand, Brothers in Arms, Renounce Religion


You were on level 11 of the Dungeon.
You worshipped Trog.
Trog was extremely pleased with you.
You were not hungry.

You visited 1 branch of the dungeon, and saw 11 of its levels.

You collected 690 gold pieces.
You spent 280 gold pieces at shops.

Inventory:

Hand Weapons
 n - a +3 war axe of chopping
 t - the +7 flail of the Puffball (weapon) {crush, *Corrode MR+ Str+3}
   (You bought it in a shop on level 6 of the Dungeon)

   It inflicts extra damage upon your enemies.
   It affects your strength (+3).
   It affects your resistance to hostile enchantments.
   It may corrode you when you take damage.
 u - the +7 triple crossbow "Zeihorar" {freeze, rC+ Int+4 Dex+3}
   (Trog gifted it to you on level 8 of the Dungeon)

   It causes projectiles fired from it to freeze those they strike, causing
   extra injury to most foes and up to half again as much damage against
   particularly susceptible opponents.
   They can also slow down cold-blooded creatures.
   It affects your intelligence (+4).
   It affects your dexterity (+3).
   It protects you from cold.
Jewellery
 a - a +5 ring of intelligence (on tentacle)
 b - the ring of Huevayte (on tentacle) {rC+ Str-3 Int+5 Dex+2 Stlth+}
   (You found it on level 5 of the Dungeon)

   [ring of stealth]

   It affects your strength (-3).
   It affects your intelligence (+5).
   It affects your dexterity (+2).
   It protects you from cold.
   It makes you more stealthy.
 e - a ring of fire (right tentacle)
 g - a +2 ring of dexterity (left tentacle)
 k - an amulet of faith (around mantle)
 v - a ring of protection from fire (on tentacle)
Wands
 d - a wand of flame (20)
 j - a wand of iceblast (7)
 o - a wand of polymorph (5)
 w - a wand of digging (4)
Scrolls
 c - 4 scrolls of teleportation
 m - 2 scrolls of remove curse
 q - a scroll of identify
 s - 2 scrolls of enchant armour
 y - a scroll of vulnerability
 z - a scroll of enchant weapon
Potions
 f - 5 potions of curing
 h - 2 potions of heal wounds
 i - a potion of ambrosia
 l - 2 potions of brilliance
 p - a potion of haste
 x - a potion of cancellation
Comestibles
 r - a ration


   Skills:
 + Level 10.8 Fighting
 - Level 8.5(9.9) Axes
 + Level 8.0(9.7) Maces & Flails
 * Level 6.7 Dodging
 - Level 6.7 Stealth
 + Level 0.6 Evocations


You had 10 spell levels left.
You didn't know any spells.
Your spell library was empty.

Dungeon Overview and Level Annotations

Branches:
Dungeon (11/15)            Temple (0/1) D:4            Lair (0/6) D:10
    Orc (0/2) D:9

Altars:
Dithmenos
Elyvilon
Kikubaaqudgha
Nemelex Xobeh
Ru
Sif Muna
Wu Jian
Yredelemnul

Shops:
D:6 (


Innate Abilities, Weirdness & Mutations

You cannot wear most types of armour.
You are very stealthy in the water. (Stealth+)
You are amphibious.
You can wear up to eight rings at the same time.
You can use your tentacles to constrict eight enemies at once.
Your skin changes colour to match your surroundings (Stealth+).
Your rubbery body absorbs attacks. (AC +1, EV +1)
You have a beak for a mouth.
You tend to lose your temper in combat.


Message History

You squeeze the yak, but do no damage.
The yak is lightly wounded.
The yak misses you. The yak gores you! The yak gores you.
The yak closely misses you. The yak gores you but does no damage.
The yak gores you!
You are too injured to fight recklessly!
You are too injured to fight recklessly!
You are too injured to fight recklessly!
You hit the yak.
The yak is moderately wounded.
The yak barely misses you. The yak misses you. x2
You sock the yak! Your peck misses the yak. Your squeeze misses the yak.
The yak is severely wounded.
The yak gores you! x2
* * * LOW HITPOINT WARNING * * *
The yak barely misses you. The yak barely misses you. The yak gores you!
* * * LOW HITPOINT WARNING * * *
The yak barely misses you. The yak gores you!
You die...

##########
#........#
#.......|#
#........#
#........#
#..YY....#
#..@Y....#
######...#
... .


You could see 3 yaks.

Vanquished Creatures
  Erica (D:9)
  2 death yaks
  Pikel (D:5)
  The ghost of Gadfly the Sneak, an amateur OpAs of Uskayaw (D:3)
  Sigmund (D:2)
  Eustachio (D:5)
  9 yaks (D:10)
  Duvessa (D:5)
  3 ice beasts
  A porcupine (D:10)
  A slave (D:5)
  A sky beast (D:8)
  An eye of draining (D:7)
  A black bear (D:10)
  5 ogres
  A phantom (D:9)
  4 centaurs
  4 bullfrogs
  Dowan (D:5)
  2 scorpions
  4 howler monkeys
  A bullfrog zombie (D:10)
  A centaur zombie (D:7)
  2 crimson imps
  4 jellies
  17 orc wizards
  10 orc priests
  Crazy Yiuf (D:3)
  4 hounds
  A centaur skeleton (D:9)
  Ijyb (D:4)
  Terence (D:2)
  Jessica (D:3)
  An iguana (D:9)
  8 worker ants
  A hound zombie (D:7)
  A hound skeleton (D:10)
  9 adders
  A river rat (D:10)
  5 shadow imps
  2 adder skeletons
  2 worms
  2 dart slugs
  2 leopard geckos
  38 orcs
  5 giant cockroaches
  2 gnoll zombies (D:2)
  3 goblins
  6 hobgoblins
  4 jackals (D:5)
  6 quokkas
  A ball python skeleton (D:4)
  8 bats
  9 frilled lizards
  A giant cockroach zombie (D:6)
  2 kobolds
  A leopard gecko skeleton (D:4)
  A leopard gecko zombie (D:6)
  A quokka skeleton (D:4)
  A quokka zombie (D:5)
  5 rats
218 creatures vanquished.

Vanquished Creatures (collateral kills)
  A death yak (D:10)
  An orc warrior (D:10)
  A porcupine (D:10)
  A river rat (D:10)
  2 orcs (D:10)
6 creatures vanquished.

Grand Total: 224 creatures vanquished

Notes
Turn   | Place    | Note
-------+----------+-------------------------------------------
     0 | D:1      | wolfsongas the Octopode Berserker began the quest for the
                  | Orb.
     0 | D:1      | Reached XP level 1. HP: 16/16 MP: 1/1
   197 | D:1      | Reached XP level 2. HP: 18/21 MP: 2/2
   714 | D:2      | Reached XP level 3. HP: 22/27 MP: 3/3
   948 | D:2      | Found a basalt altar of Yredelemnul.
  1026 | D:2      | Reached skill level 4 in Fighting
  1028 | D:2      | Noticed Terence
  1036 | D:2      | Killed Terence
  1036 | D:2      | Reached XP level 4. HP: 34/34 MP: 4/4
  1266 | D:2      | Noticed Sigmund
  1280 | D:2      | Killed Sigmund
  1280 | D:2      | Reached skill level 6 in Fighting
  1280 | D:2      | Reached XP level 5. HP: 7/42 MP: 5/5
  1280 | D:2      | Reached XP level 6. HP: 7/47 MP: 6/6
  1713 | D:2      | Gained mutation: You tend to lose your temper in combat.
                  | [potion of mutation]
  1713 | D:2      | Gained mutation: You have a beak for a mouth. [potion of
                  | mutation]
  1847 | D:3      | Found a transporter.
  1847 | D:3      | Noticed Gadfly's ghost (amateur OpAs)
  1850 | D:3      | Found a transporter.
  1911 | D:3      | Killed Gadfly's ghost
  1911 | D:3      | Reached skill level 7 in Fighting
  1984 | D:3      | Reached ** piety under Trog
  2003 | D:3      | Noticed Jessica
  2010 | D:3      | Killed Jessica
  2010 | D:3      | Reached XP level 7. HP: 54/54 MP: 7/7
  2052 | D:3      | Found a runed translucent door.
  2053 | D:3      | Noticed Crazy Yiuf
  2147 | D:3      | Killed Crazy Yiuf
  2218 | D:3      | Reached skill level 8 in Fighting
  2225 | D:3      | Found an ornate altar of the Wu Jian Council.
  2688 | D:4      | Reached skill level 1 in Stealth
  2691 | D:4      | Reached *** piety under Trog
  2714 | D:4      | Noticed Ijyb
  2721 | D:4      | Killed Ijyb
  2721 | D:4      | Reached XP level 8. HP: 44/63 MP: 8/8
  2819 | D:4      | Found a staircase to the Ecumenical Temple.
  3114 | D:4      | Found a shadowy altar of Dithmenos.
  3240 | D:4      | Reached skill level 9 in Fighting
  3434 | D:5      | Entered Level 5 of the Dungeon
  3440 | D:5      | Reached skill level 1 in Axes
  3591 | D:5      | Got a shimmering buckler
  3597 | D:5      | Identified the -4 buckler of Heaggi Abra {rElec rF+ Int+4}
                  | (You found it on level 5 of the Dungeon)
  3703 | D:5      | Noticed Duvessa
  3714 | D:5      | Noticed Dowan
  3720 | D:5      | Killed Duvessa
  3721 | D:5      | Killed Dowan
  3951 | D:5      | Noticed Eustachio
  3961 | D:5      | Killed Eustachio
  3998 | D:5      | Got a crude platinum ring
  3999 | D:5      | Identified the ring of Huevayte {rC+ Str-3 Int+5 Dex+2
                  | Stlth+} (You found it on level 5 of the Dungeon)
  4082 | D:5      | Got a pair of faintly humming gloves
  4417 | D:5      | Noticed Pikel
  4426 | D:5      | Killed Pikel
  4426 | D:5      | Reached XP level 9. HP: 69/69 MP: 9/9
  4494 | D:6      | Reached **** piety under Trog
  4595 | D:6      | Found a white marble altar of Elyvilon.
  5244 | D:6      | Found Kioratem's Antique Weapon Emporium.
  5271 | D:6      | Bought a steaming flail for 280 gold pieces
  5532 | D:7      | Reached skill level 5 in Stealth
  5683 | D:7      | Found a deep blue altar of Sif Muna.
  5897 | D:7      | Reached ***** piety under Trog
  6146 | D:8      | Reached XP level 10. HP: 70/76 MP: 10/10
  6149 | D:8      | Reached skill level 10 in Fighting
  6595 | D:8      | Received a gift from Trog
  6601 | D:8      | Got a crystal triple crossbow {god gift}
  6602 | D:8      | Identified the +7 triple crossbow "Zeihorar" {freeze, rC+
                  | Int+4 Dex+3} (Trog gifted it to you on level 8 of the
                  | Dungeon)
  6655 | D:8      | Identified the +7 flail of the Puffball {crush, *Corrode
                  | MR+ Str+3} (You bought it in a shop on level 6 of the
                  | Dungeon)
  6667 | D:8      | Identified the +0 pair of gloves of the Game Afoot {rCorr}
                  | (You found it on level 5 of the Dungeon)
  7051 | D:9      | Found a staircase to the Orcish Mines.
  7100 | D:9      | Noticed Erica
  7112 | D:9      | Killed Erica
  7112 | D:9      | Reached skill level 5 in Dodging
  7268 | D:9      | Found a sparkling altar of Nemelex Xobeh.
  7355 | D:9      | Found a sacrificial altar of Ru.
  7355 | D:9      | Found an ancient bone altar of Kikubaaqudgha.
  7561 | D:10     | Entered Level 10 of the Dungeon
  7891 | D:10     | Found a staircase to the Lair.
  7891 | D:10     | Noticed a death yak
  7892 | D:10     | Noticed a death yak
  7894 | D:10     | Reached skill level 5 in Maces & Flails
  7895 | D:10     | Noticed a death yak
  7921 | D:9      | Killed a death yak
  8219 | D:10     | Killed a death yak
  8224 | D:10     | Killed a death yak
  8224 | D:10     | Reached XP level 11. HP: 61/82 MP: 11/11
  8810 | D:11     | Slain by a yak

Skill      XL: |  1  2  3  4  5  6  7  8  9 10 11 |
---------------+----------------------------------+-----
Fighting       | 4 6 7 8 9 10 | 10.8
Stealth        | 1 3 6 |  6.7
Axes           | 6 8 |  8.5
Dodging        | 4 6 |  6.7
Maces & Flails | 6 8 |  8.0
Evocations     | |  0.6

Action                   |  1- 3 |  4- 6 |  7- 9 | 10-12 || total
-------------------------+-------+-------+-------+-------++-------
Melee: Mace              |    41 |    38 |    34 |       ||   113
       Constrict         |    13 |    11 |    43 |    26 ||    93
       Tentacles         |     9 |     8 |    39 |    32 ||    88
       Peck              |       |     5 |    48 |    32 ||    85
       War axe           |       |       |   155 |    32 ||   187
       Flail             |       |       |       |   114 ||   114
Invok: Berserk           |     1 |     2 |     8 |     2 ||    13
       Brothers in Arms  |       |       |       |     1 ||     1
Evoke: Wand              |       |       |     2 |       ||     2
  Use: Scroll            |       |     7 |    10 |     7 ||    24
       Potion            |       |     5 |     4 |     2 ||    11
 Stab: Sleeping          |     3 |     6 |    17 |    10 ||    36
       Distracted        |       |     1 |     1 |       ||     2
       Invisible         |       |     2 |       |       ||     2
  Eat: Ration            |       |     2 |     4 |     1 ||     7
       Chunk             |       |     1 |     6 |     9 ||    16
Armor: Skin              |     6 |     1 |     7 |     4 ||    18
Dodge: Dodged            |    26 |    20 |   133 |   102 ||   281
